 Dungeon Crawl Stone Soup version 0.21-a0-238-geb0acef (webtiles) character file.

47833 Gruud the Cleaver (level 14, -6/110 HPs)
             Began as a Demonspawn Gladiator on Sept 1, 2017.
             Was the Champion of Makhleb.
             Killed from afar by an orc sorcerer (32 damage)
             ... with a bolt of fire
             ... on level 1 of the Orcish Mines on Sept 2, 2017.
             The game lasted 01:30:38 (19549 turns).

Gruud the Cleaver (Demonspawn Gladiator)           Turns: 19549, Time: 01:30:39

Health: -6/110     AC: 20    Str: 17    XL:     14   Next: 10%
Magic:  0/23       EV: 11    Int: 14    God:    Makhleb [******]
Gold:   1129       SH:  0    Dex: 15    Spells: 1/13 levels left

rFire    . . .     SeeInvis .   a - +2 battleaxe (chop)
rCold    . . .     Gourm    .   (shield currently unavailable)
rNeg     . . .     Faith    +   E - +0 plate armour
rPois    +         Spirit   +   (helmet restricted)
rElec    .         Reflect  .   N - +0 cloak {+Inv}
rCorr    .         Harm     .   (no gloves)
MR       ++...                  (boots unavailable)
Stlth    ..........             r - amulet of faith
HPRegen  0.28/turn              D - +3 ring of evasion
MPRegen  0.36/turn              y - ring of protection from magic

@: no status effects
A: antennae 1, talons 3, iridescent scales 2, clever 1, demonic guardian 2,
poison resistance, magic shield, magic regeneration
a: Minor Destruction, Lesser Servant of Makhleb, Major Destruction, Greater
Servant of Makhleb, Renounce Religion, Evoke Invisibility


You were on level 1 of the Orcish Mines.
You worshipped Makhleb.
Makhleb was exalted by your worship.
You were not hungry.

You visited 4 branches of the dungeon, and saw 21 of its levels.
You also visited: Labyrinth, Sewer and Ossuary.

You collected 1753 gold pieces.
You spent 624 gold pieces at shops.

Inventory:

Hand Weapons
 a - a +2 battleaxe of chopping (weapon)
 b - a +0 blowgun
Missiles
 d - 3 throwing nets (quivered)
 h - 3 curare-tipped needles
Armour
 E - a +0 plate armour (worn)
 N - a +0 cloak of invisibility (worn)
Jewellery
 i - an uncursed ring of positive energy
 p - an uncursed ring of protection from magic
 r - an amulet of faith (around neck)
 x - an uncursed ring of fire
 y - a ring of protection from magic (right hand)
 D - a +3 ring of evasion (left hand)
Wands
 c - a wand of acid (6/15)
 l - a wand of iceblast (10/15)
 u - a wand of scattershot (2/9)
 H - a wand of acid (5/15)
 M - a wand of lightning (9/15)
 R - a wand of digging (20/24)
 S - a wand of disintegration (8/24)
 T - a wand of iceblast (3/15)
 X - a wand of confusion (23/48)
 Y - a wand of acid (9/15)
Scrolls
 k - 3 scrolls of enchant armour
 o - 7 scrolls of teleportation
 s - 3 scrolls of remove curse
 w - a scroll of silence
 I - a scroll of enchant weapon
 Q - 3 scrolls of fog
 V - 2 scrolls of amnesia
 W - a scroll of recharging
 Z - 7 scrolls of identify
Potions
 j - 4 potions of cancellation
 m - 4 potions of brilliance
 n - 6 potions of curing
 q - 5 potions of flight
 z - a potion of resistance
 A - 3 potions of might
 F - 3 potions of magic
 G - 3 potions of haste
 K - 2 potions of invisibility
 L - 5 potions of agility
 P - 2 potions of mutation
Books
 t - a book of Necromancy

   Spells                             Type                      Level
   a - Pain                           Necromancy                   1
   b - Animate Skeleton               Necromancy                   1
   c - Vampiric Draining              Necromancy                   3
   d - Regeneration                   Charms/Necromancy            3
   e - Animate Dead                   Necromancy                   4
   f - Control Undead                 Necromancy                   4
 C - the Collected Works on Curses
   (You found it in a labyrinth)

   Spells                             Type                      Level
   a - Corona                         Hexes                        1
   b - Ensorcelled Hibernation        Hexes/Ice                    2
   c - Spectral Weapon                Hexes/Charms                 3
   d - Tukima's Dance                 Hexes                        3
   e - Fulminant Prism                Conjuration/Hexes            4
   f - Darkness                       Hexes                        6
 J - a book of the Sky

   Spells                             Type                      Level
   a - Summon Lightning Spire         Summoning/Air                4
   b - Silence                        Hexes/Air                    5
   c - Deflect Missiles               Charms/Air                   6
   d - Conjure Ball Lightning         Conjuration/Air              6
   e - Tornado                        Air                          9
Miscellaneous
 e - a phantom mirror
 v - a sack of spiders
 U - a lamp of fire
Comestibles
 f - 13 bread rations
 g - 14 meat rations
 B - 5 chunks of flesh
 O - 23 royal jellies


   Skills:
 + Level 10.2 Fighting
 * Level 14.7 Axes
 - Level 1.7 Throwing
 + Level 10.7 Armour
 + Level 5.1 Dodging
 + Level 12.4 Invocations


You had one spell level left.
You knew the following spells:

 Your Spells              Type           Power        Failure   Level  Hunger
a - Regeneration          Chrm/Necr      #.........   100%        3    ####...
b - Song of Slaying       Chrm           #.......     100%        2    ###....
c - Spectral Weapon       Hex/Chrm       #.......     100%        3    ####...
d - Animate Dead          Necr           N/A          100%        4    #####..


Dungeon Overview and Level Annotations

Branches:
Dungeon (13/15)            Temple (1/1) D:5            Lair (6/6) D:11
  Swamp (0/4) Lair:2       Spider (0/4) Lair:4        Slime (0/5) Lair:5
    Orc (1/2) D:9
 Vaults: D:13-14

Altars:
Dithmenos
Elyvilon
Fedhas
Gozag
Hepliaklqana
Kikubaaqudgha
Makhleb
Nemelex Xobeh
Okawaru
Trog
Uskayaw
Vehumet
Wu Jian
Xom
Yredelemnul
The Shining One
Jiyva

Shops:
D:5 ?   D:7 ?

Annotations:
D:2 Terence
D:4 1 runed door, exclusion: door
D:5 exclusion: statue
D:6 p0werm0de's ghost, novice DsFi
D:10 exclusion: downstairs
D:11 curse Xom, cyclops, troll, orc warrior, and more
D:13 Josephine


Innate Abilities, Weirdness & Mutations

You have claws for feet.
You are mostly covered in iridescent scales. (AC +4)
A demonic guardian rushes to your aid.
When hurt, damage is shared between your health and your magic reserves.
You regenerate magic rapidly.
You have a pair of small antennae on your head.
Your mind is acute. (Int +2)
Your system is resistant to poisons. (rPois)


Message History

You claw the orc sorcerer, but do no damage.
The orc sorcerer is severely wounded.
Your plate armour prevents you from hitting the orc.
Your hellwing hits the orc sorcerer.
Your hellwing barely misses the orc sorcerer.
The orc sorcerer hits you but does no damage.
Your orange demon stings the orc sorcerer.
Your orange demon hits the orc sorcerer.
The orc sorcerer looks weaker.
The orc hits you but does no damage.
Unknown command.
Unknown command.
You hit the orc sorcerer but do no damage.
You claw the orc sorcerer, but do no damage.
The orc sorcerer is almost dead.
You barely miss the orc.
Your hellwing closely misses the orc sorcerer.
Your hellwing barely misses the orc sorcerer.
The orc sorcerer points at you and mumbles some strange words.
The bolt of fire hits you!
You die...

.....#..#.........
.....#............##....
.................###....
#.#..............#.....
.##....#................
.........>.......#..#...
....$........#......#...
......oo.)..............
......4@4........<>.....
..#....)......).........
##...##......)).......
#### #...............
##....#.........
###............
##............
#.............
#............#


You could see an orc sorcerer, an orc, a friendly orange demon and a friendly
hellwing.

Vanquished Creatures
  A dire elephant (Lair:4)
  A minotaur (Lab)
  A hydra (Lair:6)
  A catoblepas (Lair:5)
  A two-headed ogre (D:13)
  A lindwurm (Lair:6)
  An orc sorcerer (Orc:1)
  2 cyclopes
  5 elephants
  Maurice (D:8)
  A molten gargoyle (Lair:6)
  3 black mambas
  12 spiny frogs
  4 rime drakes
  8 komodo dragons
  2 queen bees
  3 trolls
  A polar bear (Lair:3)
  A tyrant leech (Lair:2)
  2 slime creatures
  6 blink frogs (Lair:6)
  7 hippogriffs
  A shadow (D:12)
  3 redbacks
  4 wyverns
  21 yaks
  9 basilisks
  2 hungry ghosts
  Grum (D:10)
  2 steam dragons
  4 wargs (D:9)
  A soldier ant (D:10)
  9 water moccasins
  2 hell hounds (Lair:6)
  A swamp worm (Lair:2)
  6 porcupines
  An orc warrior (Orc:1)
  3 black bears
  2 sky beasts
  3 ice beasts
  9 ogres
  3 phantoms
  4 wolves
  8 centaurs
  7 crocodiles
  2 big kobolds
  14 bullfrogs
  A water moccasin zombie (D:7)
  12 scorpions
  A wyvern skeleton (D:11)
  45 killer bees
  An electric eel (D:11)
  8 wights
  2 howler monkeys
  4 crimson imps
  3 bullfrog zombies
  2 centaur zombies (Ossuary)
  2 lava snakes (Lair:6)
  A quasit (D:7)
  A gnoll shaman (D:9)
  8 hounds
  2 bullfrog skeletons
  5 orc priests
  2 jellies
  2 centaur skeletons
  Jessica (D:3)
  3 iguanas
  5 orc wizards
  10 worker ants
  A hound zombie (D:5)
  A hound skeleton (D:7)
  3 mummies (Ossuary)
  A howler monkey zombie (D:6)
  3 gnolls (D:9)
  3 river rats
  2 scorpion zombies (Ossuary)
  10 adders
  3 shadow imps
  3 oozes
  6 adder skeletons
  2 adder zombies
  4 worms
  2 dart slugs (D:1)
  7 leopard geckos
  25 orcs
  3 giant cockroaches
  A gnoll zombie (Ossuary)
  3 goblins
  14 hobgoblins
  8 jackals
  5 quokkas
  4 bats
  2 frilled lizards
  2 goblin zombies (Ossuary)
  2 hobgoblin zombies (Ossuary)
  18 kobolds
  2 orc zombies (Ossuary)
  16 rats
  3 fungi
467 creatures vanquished.

Vanquished Creatures (collateral kills)
  A fire dragon (Lair:6)
  5 hydras
  2 two-headed ogres
  An orc knight (Orc:1)
  An orc sorcerer (Orc:1)
  8 elephants
  2 black mambas
  A molten gargoyle (Lair:6)
  2 spiny frogs
  4 komodo dragons
  A jumping spider (Lair:4)
  4 trolls
  A tyrant leech (Lair:2)
  2 slime creatures (D:12)
  2 blink frogs (Lair:6)
  3 hippogriffs
  A human (D:12)
  21 yaks
  A water moccasin (Lair:5)
  2 hell hounds (Lair:6)
  2 porcupines (D:11)
  2 orc warriors
  An ice beast (D:8)
  A necrophage (D:11)
  2 ogres
  2 wolves
  5 centaurs
  A crocodile (D:12)
  3 big kobolds
  2 bullfrogs
  6 killer bees
  A wight (D:11)
  3 electric eels (D:11)
  3 lava snakes (Lair:6)
  A crimson imp (D:8)
  3 orc priests
  A gnoll shaman (D:9)
  A bullfrog skeleton (D:12)
  A centaur skeleton (D:5)
  2 hounds
  4 orc wizards
  2 iguanas
  A worker ant zombie (D:6)
  An adder (D:12)
  A gnoll (D:9)
  A shadow imp (D:5)
  6 orcs
  3 hobgoblins (D:9)
  A jackal (Sewer)
  6 kobolds
  A frilled lizard (D:4)
135 creatures vanquished.

Vanquished Creatures (others)
  A troll (D:11)
  An orc warrior (D:11)
  An ogre (D:11)
  A howler monkey (D:11)
  2 orc priests
  A worker ant (D:11)
  A shadow imp (D:11)
  An orc (D:4)
  28 fungi (D:11)
  11 plants
48 creatures vanquished.

Grand Total: 650 creatures vanquished

Notes
Turn   | Place    | Note
-------+----------+-------------------------------------------
     0 | D:1      | Gruud the Demonspawn Gladiator began the quest for the Orb.
     0 | D:1      | Reached XP level 1. HP: 16/16 MP: 1/1
    99 | D:1      | Reached skill level 3 in Axes
   242 | D:1      | Gained mutation: You have sharp toenails. [demonic ancestry]
   242 | D:1      | Reached XP level 2. HP: 14/22 MP: 2/2
   675 | D:2      | Noticed Terence
   881 | D:2      | Found an iron altar of Okawaru.
   920 | D:2      | Found a hazy altar of Hepliaklqana.
   921 | D:2      | Found a shimmering altar of Xom.
   921 | D:2      | Noticed a hell beast
   922 | D:2      | Noticed a spectral ugly thing
   922 | D:2      | Noticed a hell beast
  1063 | D:2      | Reached XP level 3. HP: 22/27 MP: 3/3
  1273 | D:2      | Reached skill level 4 in Axes
  1376 | D:2      | Found an ornate altar of the Wu Jian Council.
  1571 | D:3      | Gained mutation: A weak demonic guardian rushes to your aid. [demonic ancestry]
  1571 | D:3      | Reached XP level 4. HP: 28/33 MP: 4/4
  1603 | D:3      | Found a glowing drain.
  1652 | Sewer    | Entered a sewer
  1657 | Sewer    | Reached skill level 1 in Armour
  1670 | Sewer    | Gained mutation: You have a pair of small horns on your head. [potion of mutation]
  1670 | Sewer    | Gained mutation: You expend magic power (3 MP) to strengthen your wands. [potion of mutation]
  1670 | Sewer    | Gained mutation: Your muscles are strong. (Str +2) [potion of mutation]
  1700 | Sewer    | Noticed a big kobold
  1713 | Sewer    | Killed a big kobold
  1713 | Sewer    | Reached skill level 5 in Axes
  1713 | Sewer    | Reached XP level 5. HP: 27/38 MP: 5/5
  1739 | Sewer    | Found a white marble altar of Elyvilon.
  1940 | D:3      | Noticed Jessica
  1955 | D:3      | Killed Jessica
  2335 | D:3      | Found a burning altar of Makhleb.
  2368 | D:3      | Became a worshipper of Makhleb the Destroyer
  2591 | D:4      | Gained mutation: When hurt, damage is shared between your health and your magic reserves. [demonic ancestry]
  2591 | D:4      | Reached XP level 6. HP: 38/44 MP: 6/6
  2592 | D:4      | Reached skill level 1 in Invocations
  2765 | D:4      | Reached skill level 6 in Axes
  2927 | D:4      | Found a runed door.
  3017 | D:4      | Reached XP level 7. HP: 42/50 MP: 6/8
  3028 | D:4      | Reached * piety under Makhleb
  3113 | D:4      | Found a basalt altar of Yredelemnul.
  3113 | D:4      | Found a glowing golden altar of the Shining One.
  3120 | D:4      | Noticed an angel
  3128 | D:4      | Noticed a profane servitor
  3262 | D:5      | Entered Level 5 of the Dungeon
  3455 | D:5      | Found a radiant altar of Vehumet.
  3623 | D:5      | Reached skill level 7 in Axes
  3968 | D:5      | Found Saanoare's Magic Scroll Shop.
  4062 | D:5      | Found a staircase to the Ecumenical Temple.
  4070 | Temple   | Entered the Ecumenical Temple
  4214 | D:5      | Found an iron altar of Okawaru.
  4220 | D:5      | Lost mutation: You have a pair of small horns on your head. [potion of mutation]
  4220 | D:5      | Lost mutation: You expend magic power (3 MP) to strengthen your wands. [potion of mutation]
  4220 | D:5      | Gained mutation: You have a pair of small horns on your head. [potion of mutation]
  4220 | D:5      | Gained mutation: You possess an exceptional clarity of mind. [potion of mutation]
  4472 | D:5      | Gained mutation: You are partially covered in iridescent scales. (AC +2) [demonic ancestry]
  4472 | D:5      | Reached XP level 8. HP: 47/56 MP: 8/11
  4564 | D:6      | Noticed p0werm0de's ghost (novice DsFi)
  4716 | D:7      | Reached skill level 5 in Invocations
  4855 | D:6      | Reached ** piety under Makhleb
  4855 | D:6      | Reached skill level 8 in Axes
  5257 | D:7      | Lost mutation: You possess an exceptional clarity of mind. [potion of mutation]
  5257 | D:7      | Lost mutation: You have a pair of small horns on your head. [potion of mutation]
  5257 | D:7      | Gained mutation: You are clumsy. (Dex -2) [potion of mutation]
  5257 | D:7      | Lost mutation: Your muscles are strong. (Str +2) [potion of mutation]
  5257 | D:7      | Gained mutation: You have razor-sharp toenails. [potion of mutation]
  5257 | D:7      | Gained mutation: You are somewhat resistant to further mutation. [potion of mutation]
  5364 | D:7      | Found Wessuciu's Magic Scroll Boutique.
  5644 | D:7      | Reached skill level 5 in Armour
  5701 | D:7      | Reached XP level 9. HP: 61/61 MP: 13/13
  6033 | D:8      | Reached skill level 9 in Axes
  6067 | D:8      | Noticed Maurice
  6077 | D:8      | Killed Maurice
  6077 | D:8      | Reached *** piety under Makhleb
  6156 | D:8      | Found a sand-covered staircase.
  6161 | Ossuary  | Entered an ossuary
  6591 | Ossuary  | Lost mutation: You have razor-sharp toenails. [potion of mutation]
  6591 | Ossuary  | Lost mutation: You are somewhat resistant to further mutation. [potion of mutation]
  6591 | Ossuary  | Lost mutation: You are clumsy. (Dex -2) [potion of mutation]
  6591 | Ossuary  | Gained mutation: Armour fits poorly on your strangely shaped body. [potion of mutation]
  6591 | Ossuary  | Gained mutation: You expend magic power (3 MP) to strengthen your wands. [potion of mutation]
  6591 | Ossuary  | Gained mutation: Your magical capacity is low. (-10% MP) [potion of mutation]
  6591 | Ossuary  | Gained mutation: Your mind is acute. (Int +2) [potion of mutation]
  6592 | Ossuary  | Lost mutation: Your magical capacity is low. (-10% MP) [potion of mutation]
  6592 | Ossuary  | Lost mutation: You expend magic power (3 MP) to strengthen your wands. [potion of mutation]
  6592 | Ossuary  | Lost mutation: Armour fits poorly on your strangely shaped body. [potion of mutation]
  6592 | Ossuary  | Gained mutation: You have a pair of small antennae on your head. [potion of mutation]
  6592 | Ossuary  | Gained mutation: Your system is resistant to poisons. (rPois) [potion of mutation]
  6672 | D:8      | Reached **** piety under Makhleb
  6691 | D:8      | Reached skill level 10 in Axes
  7110 | D:9      | Noticed Grum
  7304 | D:9      | Gained mutation: You are mostly covered in iridescent scales. (AC +4) [demonic ancestry]
  7304 | D:9      | Reached XP level 10. HP: 71/71 MP: 13/15
  7895 | D:9      | Found a staircase to the Orcish Mines.
  8171 | D:9      | Found a blossoming altar of Fedhas.
  8171 | D:9      | Found a white marble altar of Elyvilon.
  8264 | D:9      | Reached skill level 11 in Axes
  8294 | D:9      | Reached skill level 5 in Fighting
  8636 | D:10     | Entered Level 10 of the Dungeon
  9008 | D:10     | Killed Grum
  9250 | D:5      | Bought a scroll of acquirement for 624 gold pieces
  9251 | D:5      | Got a steaming great sword
  9252 | D:5      | Identified the +1 great sword of Crusades {freeze, rN+} (You acquired it on level 5 of the Dungeon)
  9356 | D:10     | Reached ***** piety under Makhleb
  9445 | D:10     | Learned a level 3 spell: Regeneration
  9777 | D:11     | Found a shimmering altar of Xom.
  9777 | D:11     | Noticed a cyclops
 10026 | D:11     | Gained mutation: You regenerate magic rapidly. [demonic ancestry]
 10026 | D:11     | Reached XP level 11. HP: 57/81 MP: 12/16
 10097 | D:11     | Noticed an eight-headed hydra
 10101 | D:11     | Killed an eight-headed hydra
 10148 | D:11     | Found a staircase to the Lair.
 10274 | D:11     | Reached skill level 12 in Axes
 10392 | D:11     | Found an ancient bone altar of Kikubaaqudgha.
 10665 | D:11     | Upgraded the game from 0.21-a0-229-g3587535 to 0.21-a0-237-g87df72b
 11055 | D:12     | Noticed a two-headed ogre
 11061 | D:12     | Killed a two-headed ogre
 11798 | D:13     | Noticed a red ugly thing
 11801 | D:12     | Upgraded the game from 0.21-a0-237-g87df72b to 0.21-a0-238-geb0acef
 11817 | D:13     | Noticed a seven-headed hydra
 11823 | D:13     | Noticed Josephine
 11830 | D:12     | Killed a seven-headed hydra
 11956 | D:13     | Noticed a two-headed ogre
 11964 | D:13     | Killed a two-headed ogre
 11964 | D:13     | Gained mutation: A demonic guardian rushes to your aid. [demonic ancestry]
 11964 | D:13     | Reached XP level 12. HP: 79/92 MP: 11/18
 11992 | D:13     | Noticed a two-headed ogre
 11995 | D:13     | Killed a two-headed ogre
 12012 | D:13     | Noticed a seven-headed hydra
 12035 | D:13     | Killed an 11-headed hydra
 12478 | Lair:1   | Entered Level 1 of the Lair of Beasts
 12537 | Lair:1   | Reached skill level 13 in Axes
 13582 | Lair:2   | Reached skill level 10 in Invocations
 13710 | Lair:2   | HP: 2/94 [tyrant leech (8)]
 14367 | Lair:2   | Found a staircase to the Swamp.
 14788 | Lair:3   | Reached ****** piety under Makhleb
 15351 | Lair:4   | Gained mutation: You have razor-sharp toenails. [demonic ancestry]
 15351 | Lair:4   | Reached XP level 13. HP: 73/101 MP: 14/21
 15428 | Lair:4   | Noticed a dire elephant
 15445 | Lair:4   | Killed a dire elephant
 15500 | Lair:4   | Reached skill level 14 in Axes
 15523 | Lair:4   | Reached skill level 10 in Armour
 15617 | Lair:4   | Found a hole to the Spider Nest.
 16168 | Lair:5   | Found a bloodstained altar of Trog.
 16212 | Lair:5   | Found a labyrinth entrance.
 16247 | Lab      | Entered a labyrinth
 16504 | Lab      | Noticed a minotaur
 16511 | Lab      | Killed a minotaur
 16519 | Lab      | Identified the Collected Works on Curses
 16534 | Lab      | Found the +8 trident of the Octopus King {venom, rElec rPois MR+}
 16543 | Lab      | Identified Sif Muna's Handbook of the Congealing Oath
 16604 | Lair:5   | Learned a level 2 spell: Song of Slaying
 16608 | Lair:5   | Learned a level 3 spell: Spectral Weapon
 16615 | Lair:5   | Learned a level 4 spell: Animate Dead
 17113 | Lair:5   | Found a viscous altar of Jiyva.
 17113 | Lair:5   | Found a staircase to the Slime Pits.
 17315 | Lair:6   | Entered Level 6 of the Lair of Beasts
 17539 | Lair:6   | Reached skill level 10 in Fighting
 17556 | Lair:6   | HP: 2/103 [blink frog (3)]
 18122 | Lair:6   | Noticed a fire dragon
 18416 | Lair:6   | Found a large runed door.
 18417 | Lair:6   | Found a large runed door.
 18485 | Lair:6   | Killed a fire dragon
 18485 | Lair:6   | Reached skill level 5 in Dodging
 18667 | Lair:6   | Gained mutation: You have claws for feet. [demonic ancestry]
 18667 | Lair:6   | Reached XP level 14. HP: 109/110 MP: 20/23
 19265 | Orc:1    | Entered Level 1 of the Orcish Mines
 19352 | Orc:1    | Found a bloodstained altar of Trog.
 19539 | Orc:1    | Paralysed by an orc sorcerer for 5 turns
 19549 | Orc:1    | Killed from afar by an orc sorcerer

Vault maps used:
D:1:      evilmike_arrival_fibonacci_small, minmay_door_square,
          minmay_strange_pillars
D:2:      regret_index_temple_of_mockery, nicolae_overflow_hidden_temple,
          lemuel_doored_altar, uniq_terence
D:3:      old_standard_altar, lightli_sewer_entry_pipes, uniq_jessica
D:4:      grunt_temple_overflow_holy_war, uniq_crazy_yiuf_cottage
D:5:      vehumet_statue, minmay_temple_entry_junction, first_bread,
          serial_shops, shop_fountains, okawaru_ov_weapons_minmay
D:7:      serial_shops, shop
D:8:      enter_ossuary_5, uniq_maurice
D:9:      kennysheep_housing_project, gammafunk_temple_overflow_pools,
          minmay_orc_entry_guard_dogs, david_nohive_1, uniq_grum
D:11:     due_lair_maze_entry_diamond, basic_altar, kennysheep_cross_room,
          xom_confusion_cloud
D:12:     item_on_display_a
D:13:     grunt_vaults_entry_tiered, roderic_roman_lattice, uniq_josephine,
          uniq_erolcha
Temple:   minmay_temple_forest_path
Lair:2:   minmay_swamp_entry_worms
Lair:3:   grunt_megastairs_1
Lair:4:   beast_lair_carwin_large_3, spider_nest_entry_a
Lair:5:   dpeg_slime_entry_enclosed_altar, basic_altar, lab_entry_generic
Lair:6:   cheibrodos_lair_end_hotspot
Orc:1:    basic_altar
Lab:      nicolae_lab_dead_adventurers, nicolae_lab_t_cross, nicolae_lab_grate
Sewer:    sewer_kobolds
Ossuary:  ossuary_minmay_scorpions

Skill      XL: |  1  2  3  4  5  6  7  8  9 10 11 12 13 |
---------------+----------------------------------------+-----
Axes           | 3 4 5 6 7 8 10 11 12 13 14 | 14.7
Armour         | 1 2 3 5 6 7 8 9 10 | 10.7
Invocations    | 2 4 6 7 9 10 12 | 12.4
Fighting       | 3 5 7 9 10 | 10.2
Dodging        | 5 |  5.1
Throwing       | |  1.7

Action                   |  1- 3 |  4- 6 |  7- 9 | 10-12 | 13-15 || total
-------------------------+-------+-------+-------+-------+-------++-------
Melee: War axe           |    88 |   164 |   503 |   251 |       ||  1006
       Kick              |    19 |    30 |       |       |   130 ||   179
       Headbutt          |       |    27 |    40 |       |       ||    67
       Battleaxe         |       |       |       |   715 |   381 ||  1096
Invok: Lesser Servant of |       |       |       |    25 |    17 ||    42
       Minor Destruction |       |       |       |     9 |     2 ||    11
       Major Destruction |       |       |       |     1 |     4 ||     5
Evoke: Wand              |       |       |     6 |    15 |       ||    21
  Use: Scroll            |     5 |     2 |    12 |    11 |     4 ||    34
       Potion            |     1 |     2 |     5 |     6 |       ||    14
 Stab: Distracted        |       |     1 |     2 |    10 |     4 ||    17
       Confused          |       |       |       |     1 |       ||     1
  Eat: Chunk             |     2 |     5 |    14 |    20 |    12 ||    53
       Fruit             |       |       |     2 |     4 |       ||     6
       Bread ration      |       |       |     2 |     1 |       ||     3
       Royal jelly       |       |       |       |       |     1 ||     1
Armor: Leather armour    |    27 |       |       |       |       ||    27
       Chain mail        |     5 |    88 |   241 |       |       ||   334
       Plate armour      |       |       |    80 |   826 |   233 ||  1139
Dodge: Dodged            |    64 |    69 |   261 |   646 |   175 ||  1215

Table legend:
 A = Spawn XP
 B = Non-spawn XP
 C = Spawn XP percentage of total XP
 D = Spawn monster count
 E = Non-spawn monster count
 F = Spawn count percentage of total count
 G = Total turns spent on level
                    A         B        C        D         E        F      G
               +---------+---------+-------+---------+---------+-------+---------
         Total |    8740 |   59594 |  12.8 |      81 |     518 |  13.5 | 19549
               +---------+---------+-------+---------+---------+-------+---------
           D:1 |       0 |      30 |   0.0 |       0 |      13 |   0.0 |   712
           D:2 |       0 |      36 |   0.0 |       0 |      10 |   0.0 |   726
           D:3 |      37 |     147 |  20.1 |       4 |      30 |  11.8 |   878
           D:4 |     101 |     350 |  22.4 |       1 |      20 |   4.8 |   738
           D:5 |      58 |     651 |   8.2 |       4 |      13 |  23.5 |  1284
           D:6 |       0 |     468 |   0.0 |       0 |       8 |   0.0 |   352
           D:7 |      59 |     794 |   6.9 |       2 |      22 |   8.3 |  1081
           D:8 |     106 |    1371 |   7.2 |       7 |      18 |  28.0 |   798
           D:9 |      46 |    3649 |   1.2 |       2 |      65 |   3.0 |  1535
          D:10 |      22 |    1859 |   1.2 |       4 |      22 |  15.4 |  1174
          D:11 |    1482 |    3816 |  28.0 |      16 |      42 |  27.6 |   828
          D:12 |     429 |    5635 |   7.1 |       5 |      37 |  11.9 |  1598
          D:13 |       0 |    2552 |   0.0 |       0 |       7 |   0.0 |   134
        Lair:1 |     178 |    4640 |   3.7 |       2 |      20 |   9.1 |   832
        Lair:2 |     454 |    2960 |  13.3 |       3 |      32 |   8.6 |  1356
        Lair:3 |    1158 |    4120 |  21.9 |       6 |      18 |  25.0 |   710
        Lair:4 |     704 |    8179 |   7.9 |       3 |      26 |  10.3 |   835
        Lair:5 |     454 |    4191 |   9.8 |       3 |      16 |  15.8 |  1165
        Lair:6 |    2678 |   10705 |  20.0 |      13 |      45 |  22.4 |  1461
         Orc:1 |     774 |    1642 |  32.0 |       6 |      17 |  26.1 |   284
           Lab |       0 |     979 |   0.0 |       0 |       3 |   0.0 |   352
         Sewer |       0 |     111 |   0.0 |       0 |      12 |   0.0 |   208
       Ossuary |       0 |     709 |   0.0 |       0 |      22 |   0.0 |   433
               +---------+---------+-------+---------+---------+-------+---------
